 Dungeon Crawl Stone Soup version 0.31-a0-193-gdfe2569204 (webtiles) character file.

Game seed: 13703886927691643802

60 qw the Shooter (level 3, -1/20 HPs)
             Began as a Deep Elf Hunter on June 24, 2023.
             Slain by Terence
             ... wielding a +0 mace
              (7 damage)
             ... on level 3 of the Dungeon.
             The game lasted 00:00:27 (1405 turns).

qw the Shooter (Deep Elf Hunter)                    Turns: 1405, Time: 00:00:28

Health: -1/20      AC:  5    Str: 10    XL:     3   Next: 82%
Magic:  5/5        EV: 11    Int: 13    God:
Gold:   25         SH:  0    Dex: 18    Spells: 2/2 levels left

rFire   . . .        Y - +0 shortbow
rCold   . . .        (shield currently unavailable)
rNeg    . . .        i - +0 ring mail
rPois   .            (no helmet)
rElec   .            (no cloak)
rCorr   .            (no gloves)
SInv    .            (no boots)
Will    .....        (no amulet)
Stlth   +            (no ring)
HPRegen 0.23/turn    (no ring)
MPRegen 0.09/turn

%: no passive effects
@: no status effects
A: no striking features
a: no special abilities


You were on level 3 of the Dungeon.
You visited 1 branch of the dungeon, and saw 3 of its levels.

You collected 25 gold pieces.


   Skills:
 - Level 1.5 Fighting
 + Level 7.3 Ranged Weapons
 - Level 2.4 Dodging
 - Level 1.2 Stealth


You had 2 spell levels left.
You didn't know any spells.
Your spell library was empty.

Inventory:

Hand Weapons
 Y - a +0 shortbow (weapon)
Armour
 i - a +0 ring mail (worn)
Scrolls
 c - a scroll of identify
Potions
 a - a potion of curing
 b - a potion of heal wounds {unknown}
 e - a potion of ambrosia {unknown}
 g - a potion of might
 j - a potion of berserk rage {unknown}

Dungeon Overview and Level Annotations

Branches:
Dungeon (3/15)

Altars:

Annotations:
D:3 Terence


Message History

You shoot an arrow.
The arrow hits Terence but does no damage.
You shoot an arrow.
The arrow hits Terence but does no damage.
You shoot an arrow. The arrow hits Terence.
Terence is moderately wounded.
You shoot an arrow.
The arrow hits Terence but does no damage.
Terence is moderately wounded.
Terence barely misses you.
You shoot an arrow.
The arrow hits Terence but does no damage.
Terence is lightly wounded.
Terence hits you with a +0 mace.
You shoot an arrow. The arrow barely misses Terence.
Terence barely misses you.
You shoot an arrow. The arrow barely misses Terence.
Terence closely misses you.
You shoot an arrow. The arrow barely misses Terence.
Terence completely misses you.
You shoot an arrow. The arrow closely misses Terence.
Terence misses you.
You shoot an arrow. The arrow hits Terence.
Terence is heavily wounded.
Terence hits you with a +0 mace! Terence barely misses you.
You shoot an arrow. The arrow barely misses Terence.
Terence barely misses you.
You shoot an arrow. The arrow hits Terence.
Terence is heavily wounded.
Terence hits you with a +0 mace.
You shoot an arrow. The arrow hits Terence.
Terence is severely wounded.
Terence hits you with a +0 mace.
You shoot an arrow.
The arrow hits Terence but does no damage.
Terence is severely wounded.
Terence closely misses you.
You shoot an arrow. The arrow completely misses Terence.
Terence hits you with a +0 mace!
You die...

.....##. #... #...#..
#... .... #.....###
####... .... #.......#
##...... .....
#....##.###..##...
##...
#.........#.######
).....#..............#
......#......##......#
#?.@@#..#####.....#
......#...## ##....#
..... #..### #....#
##.. #....# ###### ...
#....# .. #....# .
######


You could see Terence.

Vanquished Creatures
  4 adders (D:2)
  A worm (D:3)
  A dart slug (D:2)
  2 endoplasms
  A giant cockroach (D:2)
  A hobgoblin (D:1)
  A kobold (D:1)
  5 ball pythons
  3 bats
  A frilled lizard (D:1)
20 creatures vanquished.

Notes
Turn   | Place    | Note
-------+----------+-------------------------------------------
     0 | D:1      | qw the Deep Elf Hunter began the quest for the Orb.
     0 | D:1      | Reached XP level 1. HP: 12/12 MP: 3/3
     0 | D:1      | 0 ||| qw: Version: 0.3-a-9-g12657ce
     0 | D:1      | 0 ||| qw: Game counter: 4663
     0 | D:1      | 0 ||| qw: Always use a shield: true
     0 | D:1      | 0 ||| qw: God list: Okawaru
     0 | D:1      | 0 ||| qw: Allow faded altars: false
     0 | D:1      | 0 ||| qw: Do Orc after D:15 true
     0 | D:1      | 0 ||| qw: Do second Lair branch before Depths: true
     0 | D:1      | 0 ||| qw: Lair rune preference: random
     0 | D:1      | 0 ||| qw: Plans: Normal
     0 | D:1      | 0 ||| PLANNING D:1-11
   360 | D:1      | 360 ||| UPGRADING to +0 ring mail.
   370 | D:1      | 370 ||| DROPPING +0 leather armour.
   371 | D:1      | 371 ||| READING scroll labelled QAYNGA GEGAKOI.
   372 | D:1      | 372 ||| READING scroll labelled IKEOVVONIJ.
   394 | D:1      | 394 ||| READING scroll labelled TEMAOG ZODWO.
   395 | D:1      | 395 ||| READING scroll labelled TYLLUH JOTISM.
   396 | D:1      | 396 ||| DROPPING scroll of butterflies.
   426 | D:2      | Reached skill level 6 in Ranged Weapons
   426 | D:2      | Reached XP level 2. HP: 16/16 MP: 4/4
   629 | D:2      | Reached XP level 3. HP: 14/20 MP: 5/5
   878 | D:2      | Found a faded altar of an unknown god.
  1269 | D:2      | 1269 ||| DROPPING +3 leather armour.
  1270 | D:2      | 1270 ||| DRINKING 2 fuming black potions.
  1271 | D:2      | 1271 ||| DRINKING 2 cyan potions.
  1309 | D:3      | Reached skill level 7 in Ranged Weapons
  1310 | D:3      | 1310 ||| STAIRDANCE
  1389 | D:3      | Noticed Terence
  1405 | D:3      | Slain by Terence

Levels and vault maps discovered:
D:1:      beargit_arrival_greenhouse, layout_rooms
D:2:      layout_loops_corners, basic_ecumenical_altar
D:3:      layout_rooms, kennysheep_generic_room_16, uniq_terence

Skill      XL: |  1  2  3 |
---------------+----------+-----
Ranged Weapons | 6 7 |  7.3
Fighting       | |  1.5
Dodging        | |  2.4
Stealth        | |  1.2

Action                     || total
---------------------------++-------
   Fire: Shortbow          ||   105
    Use: Scroll            ||     4
         Potion            ||     2
 Armour: Leather armour    ||     4
         Ring mail         ||    14
  Dodge: Dodged            ||    45

Table legend:
 A = Non-vault XP
 B = Vault XP
 C = Vault XP percentage of total XP
 D = Non-vault monster count
 E = Vault monster count
 F = Vault count percentage of total count
                 A         B        C        D         E       F
            +---------+---------+-------+---------+---------+-------
      Total |      87 |       0 |   0.0 |      20 |       0 |   0.0
            +---------+---------+-------+---------+---------+-------
        D:1 |       9 |       0 |   0.0 |       6 |       0 |   0.0
        D:2 |      69 |       0 |   0.0 |      11 |       0 |   0.0
        D:3 |       9 |       0 |   0.0 |       3 |       0 |   0.0
            +---------+---------+-------+---------+---------+-------
